Map: Submarine LE

Players

rottenorange - Winner!

  • Race: Zerg Zerg
  • League: Gold
  • Spawn Location: 11:00

sitham

  • Race: Protoss Protoss
  • League: Silver
  • Spawn Location: 5:00

VOD

Have the link to the VOD?

Description

Time

  • Played on: Oct. 11, 2020, 6:24 a.m.
  • Length: 8:14
Show
View Real Time Build Order
Export as new Build Order

rottenorange Zerg - Winner!

Build Orders: Hatch First 

Get SALT Encoding   

  12  0:00  Drone  
  13  0:13  Overlord  
  13  0:19  Drone  
  14  0:31  Drone x2  
  16  0:36  Drone  
  17  0:54  Hatchery  
  16  0:59  Extractor  
  15  1:13  Drone, Spawning Pool  
  15  1:20  Drone  
  15  1:24  Drone  
  17  1:28  Drone  
  18  1:35  Drone  
  19  1:47  Drone  
  20  2:04  Metabolic Boost  
  20  2:05  Queen  
  20  2:07  Queen  
  24  2:17  Zergling x4  
  24  2:19  Drone x2  
  28  2:27  Overlord  
  28  2:48  Drone  
  28  2:49  Drone x3  
  32  2:56  Drone x2  
  34  3:11  Hatchery  
  31  3:27  Drone x4  
  32  3:28  Overlord x3  
  35  3:43  Overlord x2  
  35  3:48  Queen  
  37  3:49  Queen  
  37  3:53  Drone x6  
  37  3:54  Drone  
  46  3:58  Drone  
  46  3:59  Drone x2  
  49  4:06  Extractor  
  48  4:20  Spore Crawler  
  48  4:23  Spore Crawler  
  46  4:26  Lair  
  46  4:31  Queen  
  48  4:34  Zergling x2  
  48  4:35  Zergling x18  
  58  4:39  Queen  
  58  4:41  Drone  
  61  4:53  Extractor  
  61  4:54  Roach Warren  
  60  5:14  Drone x3  
  62  5:34  Overseer x2, Hydralisk Den  
  61  5:35  Overseer  
  61  5:38  Overseer  
  60  6:01  Roach x6  
  71  6:10  Overlord x7  
  71  6:20  Extractor  
  70  6:38  Spore Crawler  
  69  6:53  Hydralisk x8  
  85  7:19  Roach  
  85  7:20  Roach x10  
  100  7:29  Roach  
  102  7:30  Roach x4  
  102  7:32  Overlord x2  
  102  7:34  Zergling x4  
  102  7:35  Zergling x20  
Show
View Real Time Build Order
Export as new Build Order

sitham Protoss 

Build Orders: 1 Gate Expand 

Get SALT Encoding   

  12  0:00  Probe  
  13  0:13  Probe  
  14  0:19  Pylon  
  14  0:25  Probe  
  15  0:37  Probe  
  15  0:40  Gateway  
  16  0:46  Assimilator  
  16  0:49  Probe  
  17  1:01  Probe  
  18  1:13  Probe  
  19  1:25  Probe  
  19  1:32  Cybernetics Core  
  20  1:37  Nexus  
  20  1:45  Pylon  
  20  1:50  Assimilator  
  20  1:54  Probe  
  21  2:06  Probe  
  22  2:08  Stalker  
  24  2:18  Probe  
  25  2:39  Stalker, Robotics Facility  
  25  2:42  Probe  
  27  2:49  Probe  
  28  2:54  Probe  
  29  2:58  Forge  
  29  3:01  Gateway  
  29  3:04  Probe  
  30  3:15  Stalker  
  32  3:20  Probe x2  
  34  3:27  Shield Battery  
  34  3:32  Probe x2  
  36  3:44  Probe x2, Pylon  
  36  3:47  Warp Gate  
  38  3:56  Pylon, Probe x2  
  38  3:59  Photon Cannon  
  40  4:03  Assimilator  
  40  4:04  Stalker  
  40  4:08  Probe  
  43  4:11  Protoss Ground Weapons Level 1  
  43  4:16  Observer  
  44  4:25  Stalker  
  44  4:31  Gateway  
  46  4:33  Gateway  
  46  4:35  Probe x2  
  48  4:44  Immortal  
  52  4:47  Probe  
  52  4:50  Assimilator  
  52  4:51  Probe  
  54  4:59  Probe  
  55  5:04  Pylon  
  55  5:07  Twilight Council  
  55  5:12  Stalker  
  57  5:14  Zealot  
  57  5:17  Probe x2  
  61  5:40  Immortal  
  65  5:46  Charge (Chrono Boost)  
  64  5:52  Robotics Facility  
  64  5:54  Gateway  
  62  6:04  Pylon  
  62  6:08  Pylon  
  62  6:11  Pylon  
  62  6:20  Zealot x4  
  62  6:22  Warp Prism  
  72  6:41  Immortal  
  72  6:45  Zealot x4  
  84  6:49  Zealot  
  86  7:00  Pylon  
  86  7:04  Pylon  
  82  7:26  Zealot x2  
  82  7:27  Zealot x3  
  78  7:59  Zealot  
  78  8:01  Zealot x3  
  78  8:02  Zealot  
Tags
 
Add a new tag
Caveats
  • Supply blocks, unpowered buildings, or Contaminate may cause inaccurate times.
  • Supply counts are checked every 10 seconds.